Map: Catalyst LE

Players

Maya

  • Race: Zerg Zerg
  • League: Master
  • Spawn Location: 5:00

Erdös - Winner!

  • Race: Terran Terran
  • League: Master
  • Spawn Location: 11:00

VOD

Have the link to the VOD?

Description

Time

  • Played on: July 21, 2018, 7:51 a.m.
  • Length: 20:18
Show
View Real Time Build Order
Export as new Build Order

Maya Zerg 

Build Orders: Hatch First 

Get SALT Encoding   

  12  0:00  Drone  
  13  0:12  Overlord  
  13  0:19  Drone  
  14  0:31  Drone x2  
  14  0:35  Drone  
  17  0:52  Hatchery  
  17  0:55  Drone  
  17  0:57  Drone  
  18  1:08  Extractor  
  17  1:13  Spawning Pool  
  17  1:16  Drone  
  17  1:19  Drone  
  18  1:28  Drone  
  19  1:38  Overlord  
  19  1:52  Drone  
  20  1:59  Queen  
  20  2:00  Zergling x2  
  23  2:04  Zergling x2, Queen  
  26  2:09  Metabolic Boost  
  26  2:11  Drone  
  27  2:23  Drone x2  
  27  2:26  Drone  
  30  2:38  Hatchery  
  29  2:46  Drone x3  
  29  2:49  Overlord  
  32  2:54  Overlord  
  32  2:59  Drone  
  32  3:04  Queen  
  35  3:06  Drone  
  36  3:18  Drone x6  
  41  3:24  Queen  
  43  3:28  Overlord  
  43  3:32  Zergling x2  
  43  3:33  Zergling x2  
  45  3:40  Drone  
  46  3:47  Zergling x2  
  47  3:51  Zergling x4  
  49  4:02  Zergling x4  
  50  4:09  Drone, Queen  
  51  4:10  Drone  
  51  4:11  Drone  
  51  4:12  Drone x2  
  54  4:21  Drone x3  
  54  4:22  Drone  
  58  4:26  Spore Crawler  
  58  4:27  Spore Crawler, Drone  
  58  4:30  Zergling x2  
  58  4:33  Spore Crawler, Queen  
  58  4:34  Queen  
  61  4:40  Drone x2  
  61  4:41  Evolution Chamber  
  61  4:42  Evolution Chamber  
  61  4:45  Roach Warren  
  61  4:46  Drone x3  
  61  4:48  Extractor  
  61  4:49  Lair  
  62  4:55  Overlord x2, Drone  
  63  5:00  Extractor  
  63  5:06  Overlord x2  
  62  5:07  Drone x3  
  62  5:08  Drone  
  66  5:19  Zerg Missile Weapons Level 1, Zerg Ground Armor Level 1  
  66  5:23  Drone x2  
  66  5:24  Drone x4  
  72  5:33  Extractor, Roach x2  
  72  5:34  Roach  
  77  5:37  Roach x2  
  77  5:40  Roach  
  83  5:44  Drone x2  
  83  5:45  Drone x3  
  83  5:47  Drone  
  89  5:52  Drone  
  88  6:06  Overseer  
  88  6:08  Hatchery  
  86  6:13  Drone x3  
  86  6:14  Drone x2  
  90  6:21  Overlord x2  
  90  6:22  Overlord  
  84  6:26  Roach x3  
  86  6:41  Roach x7  
  86  6:42  Drone  
  100  6:54  Drone x4  
  101  6:57  Extractor  
  103  7:03  Drone x3  
  103  7:04  Drone x2  
  108  7:08  Spine Crawler  
  108  7:11  Spine Crawler  
  108  7:12  Spine Crawler, Drone  
  108  7:13  Spine Crawler, Drone  
  106  7:16  Drone  
  106  7:19  Overlord  
  106  7:20  Hatchery, Zerg Missile Weapons Level 2  
  106  7:21  Glial Reconstitution  
  106  7:26  Hydralisk Den  
  106  7:29  Drone x6  
  111  7:32  Drone  
  112  7:46  Roach x7  
  112  7:47  Roach  
  128  7:58  Zerg Ground Armor Level 2  
  128  8:04  Grooved Spines  
  128  8:08  Extractor, Drone  
  128  8:09  Overlord x4  
  128  8:10  Overlord x2  
  128  8:19  Pneumatized Carapace  
  128  8:26  Overlord  
  128  8:27  Overlord x2  
  128  8:29  Drone x4  
  128  8:30  Drone x5  
  137  8:43  Spire, Infestation Pit  
  137  8:44  Hydralisk x2  
  137  8:45  Hydralisk  
  141  8:55  Spine Crawler, Overseer  
  140  8:56  Spine Crawler x2  
  138  9:08  Hydralisk x6  
  150  9:13  Drone x3  
  150  9:15  Extractor  
  150  9:16  Extractor  
  151  9:22  Hive  
  151  9:30  Hydralisk x5  
  161  9:37  Hatchery  
  160  9:43  Hydralisk x3  
  166  9:58  Hydralisk x7  
  180  10:05  Drone x5  
  185  10:07  Drone  
  185  10:08  Drone x3  
  185  10:12  Hydralisk x2  
  193  10:14  Hydralisk  
  195  10:26  Hydralisk  
  195  10:27  Hydralisk  
  199  10:34  Muscular Augments  
  199  10:42  Overseer  
  199  10:43  Overseer  
  199  10:45  Greater Spire  
  199  11:14  Zergling x2  
  200  11:29  Zergling x2, Hydralisk x5  
  200  11:30  Hydralisk, Zergling x10, Roach, Swarm Host x3  
  200  11:31  Hydralisk, Roach x4  
  193  11:35  Hydralisk  
  193  11:36  Hydralisk, Roach x5  
  185  11:40  Hydralisk x4, Roach  
  185  11:41  Roach x3  
  185  11:43  Roach  
  197  11:47  Hydralisk  
  197  11:48  Roach  
  191  11:55  Hydralisk, Roach  
  191  11:56  Hydralisk, Roach  
  191  11:57  Roach  
  191  12:00  Hydralisk x2  
  191  12:01  Roach x3  
  145  12:09  Hydralisk x2  
  145  12:10  Roach x2  
  145  12:12  Roach  
  145  12:13  Hydralisk x2  
  143  12:15  Roach  
  143  12:16  Overseer  
  143  12:17  Overseer x2  
  143  12:19  Corruptor  
  122  12:24  Hydralisk, Roach  
  122  12:25  Roach  
  116  12:31  Queen  
  116  12:34  Hydralisk  
  116  12:35  Hydralisk x4  
  122  12:38  Hydralisk  
  122  12:42  Roach  
  126  12:45  Hatchery  
  126  12:47  Hydralisk x2, Roach x2  
  126  12:51  Hydralisk, Roach x2  
  123  12:53  Roach  
  123  12:56  Brood Lord  
  117  12:59  Roach x2  
  117  13:04  Hydralisk  
  117  13:05  Roach x2  
  125  13:11  Hydralisk  
  125  13:12  Roach x3  
  127  13:16  Hydralisk  
  127  13:17  Roach x2  
  123  13:20  Roach x2  
  123  13:26  Hydralisk, Roach x2  
  131  13:28  Hydralisk  
  124  13:38  Corruptor x2  
  124  13:39  Corruptor  
  130  13:48  Hydralisk  
  130  13:49  Hydralisk x3  
  138  14:01  Queen  
  140  14:03  Hatchery  
  140  14:06  Corruptor  
  140  14:07  Corruptor x2  
  145  14:12  Brood Lord  
  147  14:23  Brood Lord  
  131  14:40  Hydralisk x3  
  131  14:41  Hydralisk x2, Roach x5  
  149  14:54  Brood Lord  
  149  14:58  Hydralisk x4  
  159  15:01  Spine Crawler  
  159  15:03  Spine Crawler, Spore Crawler, Extractor  
  159  15:05  Extractor, Hydralisk x3  
  160  15:12  Hydralisk  
  160  15:13  Hydralisk x2  
  166  15:17  Drone x9  
  166  15:18  Drone  
  176  15:35  Hydralisk x5  
  172  15:36  Roach  
  170  15:44  Hydralisk x4  
  158  15:52  Roach  
  158  15:53  Overlord x3  
  118  16:09  Roach x7  
  118  16:10  Hydralisk x3  
  138  16:25  Hydralisk x3  
  138  16:28  Hydralisk  
  146  16:42  Hatchery  
  146  16:43  Zerg Missile Weapons Level 3  
  145  16:49  Hydralisk x4  
  153  16:55  Viper x2  
  159  17:06  Hatchery  
  158  17:20  Viper x2  
  158  17:22  Hydralisk x9  
  172  17:35  Hydralisk x4  
  180  17:37  Overlord x3  
  180  17:40  Zerg Flyer Weapons Level 1  
  164  17:57  Zergling x6, Hydralisk x4  
  164  17:58  Zergling x6  
  162  18:10  Hydralisk x3  
  162  18:11  Hydralisk x3  
  174  18:13  Roach  
  176  18:25  Spine Crawler  
  176  18:26  Drone x5  
  180  18:27  Spine Crawler  
  179  18:38  Hydralisk x5  
  189  18:55  Corruptor x4  
  186  19:26  Unknown  
  168  19:33  Hydralisk x19  
  161  19:38  Brood Lord  
  161  19:39  Brood Lord  
  163  19:49  Corruptor, Hydralisk x5  
Show
View Real Time Build Order
Export as new Build Order

Erdös Terran - Winner!

Build Orders: Hellion Banshee, Mech 

Get SALT Encoding   

  12  0:01  SCV  
  13  0:13  SCV  
  14  0:18  Supply Depot  
  14  0:25  SCV  
  15  0:30  Refinery  
  15  0:39  SCV  
  16  0:46  Barracks  
  16  0:51  SCV  
  17  1:04  SCV  
  18  1:16  SCV  
  19  1:32  Orbital Command  
  19  1:34  Factory  
  19  1:50  Barracks Reactor  
  19  1:57  Command Center  
  19  2:00  SCV  
  20  2:10  Supply Depot  
  20  2:13  SCV  
  21  2:25  SCV  
  22  2:36  Hellion x2  
  26  2:37  Starport, SCV  
  26  2:40  Barracks Tech Lab  
  27  2:45  Refinery  
  27  2:49  SCV  
  28  2:57  Hellion  
  30  3:08  Orbital Command, Hellion  
  30  3:10  SCV  
  33  3:24  Banshee  
  37  3:27  SCV  
  37  3:31  Cloaking Field  
  37  3:35  SCV  
  37  3:39  SCV  
  39  3:47  SCV  
  40  3:50  Factory  
  40  3:51  SCV  
  40  3:54  Barracks Tech Lab  
  41  3:59  SCV  
  36  4:17  SCV  
  36  4:20  SCV  
  36  4:23  Hellion x2  
  42  4:28  Command Center  
  42  4:29  SCV  
  42  4:33  SCV  
  42  4:34  Banshee  
  45  4:41  SCV  
  45  4:44  Infernal Pre-Igniter  
  46  4:49  SCV, Hellion  
  46  4:50  Supply Depot  
  49  4:53  SCV  
  50  5:00  Marine  
  50  5:01  SCV  
  50  5:02  Hellion  
  54  5:08  Supply Depot  
  54  5:12  SCV, Hellion  
  54  5:13  SCV  
  58  5:15  Supply Depot  
  58  5:23  Hellion  
  58  5:24  Hellion  
  62  5:30  Supply Depot, SCV x2  
  62  5:31  Refinery  
  62  5:32  Refinery  
  62  5:34  Hellion  
  66  5:40  Supply Depot  
  66  5:43  Orbital Command  
  66  5:45  SCV, Hellion x2  
  71  5:55  Hellion  
  73  6:06  Hellion  
  73  6:08  SCV x2  
  73  6:09  SCV  
  78  6:20  SCV  
  78  6:21  SCV  
  74  6:26  SCV  
  71  6:33  Siege Tank  
  68  6:40  SCV  
  68  6:43  SCV  
  68  6:44  SCV  
  71  6:47  Armory x2  
  71  6:48  Banshee  
  71  6:52  SCV  
  71  6:54  Factory  
  75  6:56  SCV x2, Factory  
  75  6:57  Factory x2  
  77  7:02  Supply Depot  
  77  7:03  Supply Depot  
  77  7:04  SCV  
  77  7:06  Siege Tank  
  77  7:08  SCV  
  83  7:10  Orbital Command  
  83  7:11  Hellion  
  83  7:12  Hellion  
  86  7:16  SCV  
  86  7:19  Engineering Bay  
  86  7:20  SCV  
  88  7:28  SCV  
  89  7:32  Refinery  
  89  7:34  Refinery  
  89  7:36  Banshee  
  92  7:41  SCV x2  
  92  7:43  SCV  
  95  7:52  Sensor Tower  
  95  7:53  SCV x2  
  95  7:55  SCV  
  96  8:00  Siege Tank, Factory Tech Lab  
  96  8:01  Factory Tech Lab x3  
  96  8:05  SCV x2  
  101  8:07  SCV  
  102  8:15  Terran Vehicle And Ship Armor Level 1, Terran Vehicle Weapons Level 1  
  102  8:17  SCV  
  102  8:19  Siege Tank  
  106  8:20  Siege Tank  
  106  8:22  SCV, Hellbat x2  
  106  8:23  SCV  
  115  8:29  SCV, Hellbat x2, Banshee  
  123  8:39  Hellbat  
  123  8:40  Command Center  
  124  8:50  Thor  
  124  8:51  Hellbat x2  
  124  8:53  Supply Depot x2  
  124  8:54  Supply Depot  
  134  8:55  Supply Depot  
  134  8:57  Thor  
  140  9:04  Hellbat x2  
  140  9:05  Hellbat  
  146  9:12  Banshee  
  146  9:16  Hellbat x2  
  153  9:21  Supply Depot  
  153  9:25  Thor  
  153  9:26  Hellbat x2  
  163  9:34  Hellbat  
  163  9:37  Hellbat  
  167  9:39  Thor  
  167  9:41  Hellbat  
  175  9:47  Hellbat  
  175  9:49  Hellbat  
  179  9:53  Sensor Tower, Missile Turret  
  179  9:55  Thor  
  179  9:57  Missile Turret  
  185  10:00  Missile Turret  
  185  10:09  Missile Turret  
  185  10:12  Missile Turret  
  185  10:14  Terran Vehicle Weapons Level 2, Missile Turret  
  185  10:15  Terran Vehicle And Ship Armor Level 2  
  185  10:20  Missile Turret  
  185  10:23  Thor  
  185  10:25  Hellbat  
  193  10:32  Missile Turret  
  193  10:57  Siege Tank x2  
  198  11:07  Hellbat  
  193  11:32  Siege Tank  
  166  11:33  Siege Tank  
  150  11:40  Siege Tank  
  150  11:41  Hellbat  
  153  11:52  Planetary Fortress  
  141  12:04  Siege Tank x3  
  141  12:05  Hellbat x3  
  143  12:13  Siege Tank  
  107  12:26  Siege Tank, Hellbat x2  
  109  12:36  Orbital Command, Hellbat  
  109  12:37  Hellbat x2  
  109  12:39  Terran Vehicle Weapons Level 3  
  106  12:44  SCV x3  
  106  12:45  Hellbat  
  106  12:48  Hellbat x2  
  109  12:56  SCV x3  
  109  12:58  Hellbat x3  
  114  12:59  Hellbat  
  116  13:06  Siege Tank  
  116  13:08  SCV  
  116  13:09  Hellbat  
  113  13:14  Viking  
  113  13:19  Thor  
  112  13:25  Hellbat x2  
  112  13:26  Hellbat  
  112  13:32  SCV x2  
  112  13:33  SCV x2  
  110  13:36  Refinery x2  
  104  13:44  SCV x2, Viking  
  104  13:45  SCV  
  104  13:47  Refinery  
  109  13:49  Refinery  
  109  13:52  SCV  
  109  13:53  Hellbat x2  
  109  13:54  Thor, Hellbat x2  
  124  13:56  SCV  
  124  13:57  SCV x2  
  127  14:04  SCV  
  127  14:06  Thor  
  127  14:07  Hellbat  
  127  14:08  SCV  
  127  14:09  SCV x2  
  139  14:14  Viking  
  139  14:17  SCV  
  142  14:18  Hellbat x2  
  142  14:21  SCV x2  
  123  14:40  Thor x2  
  123  14:41  Hellbat x2  
  123  14:44  Viking  
  131  14:46  Hellbat x2  
  131  14:49  Siege Tank  
  131  14:51  Command Center  
  138  14:53  SCV x2  
  138  14:56  Sensor Tower  
  140  15:03  Sensor Tower  
  140  15:14  Viking  
  142  15:18  Starport  
  142  15:19  Starport, Hellbat x2  
  146  15:23  Siege Tank  
  114  15:43  Viking  
  114  15:46  Siege Tank x2  
  114  15:47  Hellbat x3  
  114  15:48  Hellbat  
  108  15:58  Siege Tank  
  108  16:00  Orbital Command  
  111  16:04  SCV  
  111  16:08  Hellbat  
  111  16:09  Hellbat  
  116  16:13  Viking  
  116  16:17  Refinery  
  116  16:18  Siege Tank  
  121  16:19  Hellbat  
  121  16:20  SCV  
  124  16:32  Sensor Tower, Siege Tank  
  127  16:37  Siege Tank  
  130  16:43  Terran Vehicle And Ship Armor Level 3  
  130  16:46  Terran Ship Weapons Level 1  
  130  16:56  Planetary Fortress  
  130  17:00  SCV x4  
  134  17:10  Sensor Tower  
  134  17:12  SCV x3  
  134  17:13  SCV  
  134  17:15  Refinery  
  137  17:24  SCV  
  138  17:39  Siege Tank  
  138  17:40  Siege Tank x3, Hellbat  
  143  18:05  SCV  
  143  18:06  SCV  
  143  18:09  SCV x2  
  143  18:10  Refinery  
  147  18:14  Siege Tank x2, Hellbat  
  147  18:15  Hellbat x4, Viking x2  
  147  18:16  Viking  
  169  18:36  Hellbat x2  
  169  18:41  Siege Tank x2, Hellbat  
  179  18:43  SCV  
  179  18:44  SCV x2  
  179  18:46  Hellbat x2  
  188  19:15  Viking x2  
  188  19:16  Viking  
  175  19:35  Siege Tank x2  
  175  19:36  Hellbat x2  
  172  19:39  Siege Tank  
  172  19:40  Siege Tank, Hellbat  
  172  19:45  Viking  
  170  19:57  Hellbat x2  
Tags
 
Add a new tag
Caveats
  • Supply blocks, unpowered buildings, or Contaminate may cause inaccurate times.
  • Supply counts are checked every 10 seconds.